 Dungeon Crawl Stone Soup version 0.28-a0-401-ge240ad9e29 (webtiles) character file.

Game seed: 5064068517793257835

24098 bearlyready the Carver (level 13, -23/103 HPs)
             Began as a Gnoll Cinder Acolyte on Sept 5, 2021.
             Was a High Priest of Ignis.
             Annihilated by a boulder beetle (51 damage)
             ... on level 12 of the Dungeon.
             The game lasted 00:31:01 (18784 turns).

bearlyready the Carver (Gnoll Cinder Acolyte)      Turns: 18784, Time: 00:31:01

Health: -23/103    AC: 20    Str: 25    XL:     13   Next: 11%
Magic:  25/25      EV:  9    Int: 12    God:    Ignis [*****.]
Gold:   1977       SH: 14    Dex:  8    Spells: 27/29 levels left

rFire   + . .      SeeInvis .   a - +8 mace "Cucveab" {vorpal, rElec rPois rCorr Int-2}
rCold   + . .      Faith    .   F - +5 kite shield "Tuethut" {rElec rC+ Str+3}
rNeg    . . .      Spirit   .   D - +7 chain mail of Rierujeo {rPois Str+4}
rPois   +          Reflect  .   k - +0 helmet
rElec   +          Harm     .   (no cloak)
rCorr   +          Rampage  .   c - +0 pair of gloves
Will    .....                   (no boots)
Stlth   ..........              (no amulet)
HPRegen 0.27/turn               J - +4 ring of slaying
MPRegen 0.19/turn               X - +4 ring of slaying

@: no status effects
A: fangs 1, strong nose, distributed training
a: Renounce Religion, Sea of Fire, Foxfire Swarm, Rising Flame


You were on level 12 of the Dungeon.
You worshipped Ignis.
Ignis was extremely pleased with you.
You visited 4 branches of the dungeon, and saw 16 of its levels.
You also visited: Bailey.

You collected 2114 gold pieces.
You spent 137 gold pieces at shops.

Inventory:

Hand Weapons
 a - the +8 mace "Cucveab" (weapon) {vorpal, rElec rPois rCorr Int-2}
   (You found it in a bailey)

   It inflicts extra damage upon your enemies.
   Int:       It affects your intelligence (-2).
   rElec:     It insulates you from electricity.
   rPois:     It protects you from poison.
   rCorr:     It protects you from acid and corrosion.
 b - the +4 hunting sling of Untruth {freeze, *Slow +Blink rElec Dex+4}
   (You found it in a bailey)

   Any ammunition fired from it freezes those it strikes, dealing additional
   cold damage.
   It can also slow down cold-blooded creatures.
   Dex:       It affects your dexterity (+4).
   rElec:     It insulates you from electricity.
   +Blink:    It lets you blink.
   *Slow:     It may slow you when you take damage.
 o - a -1 falchion of flaming
 q - the +10 dark maul {vorpal}
   (You took it off a two-headed ogre on level 10 of the Dungeon)

   It inflicts extra damage upon your enemies.
 M - a +2 falchion of holy wrath
 O - a +4 flail
 P - a +0 hunting sling
 R - a +0 scimitar of flaming
Missiles
 i - 234 stones
 n - 133 sling bullets
 K - 9 boomerangs
 N - 16 javelins
 Y - 7 silver javelins
Armour
 c - a +0 pair of gloves (worn)
 k - a +0 helmet (worn)
 v - a +0 ring mail
 D - the +7 chain mail of Rierujeo (worn) {rPois Str+4}
   (You found it on level 5 of the Dungeon)

   Str:       It affects your strength (+4).
   rPois:     It protects you from poison.
 F - the +5 kite shield "Tuethut" (worn) {rElec rC+ Str+3}
   (You acquired it on level 12 of the Dungeon)

   Str:       It affects your strength (+3).
   rC:        It protects you from cold.
   rElec:     It insulates you from electricity.
 S - a +0 buckler
Jewellery
 d - a +4 ring of protection
 J - a +4 ring of slaying (left hand)
 W - a ring of positive energy
 X - a +4 ring of slaying (right hand)
Wands
 H - a wand of polymorph (15) (quivered)
 L - a wand of flame (13)
Scrolls
 e - 8 scrolls of teleportation
 g - a scroll of fear
 h - a scroll of vulnerability
 l - 3 scrolls of enchant armour
 m - a scroll of brand weapon
 s - 2 scrolls of enchant weapon
 w - a scroll of immolation {unknown}
 y - 2 scrolls of fog {unknown}
Potions
 f - a potion of flight
 p - a potion of haste {unknown}
 r - 3 potions of brilliance
 t - a potion of degeneration {unknown}
 u - a potion of magic
 z - 2 potions of cancellation {unknown}
 A - a potion of resistance {unknown}
 B - 4 potions of mutation
 C - 3 potions of curing
 G - a potion of might {unknown}
 I - 2 potions of lignification
 T - a potion of berserk rage {unknown}
 U - a potion of invisibility {unknown}
Miscellaneous
 Q - a phial of floods


   Skills:
 + Level 10.3 Fighting
 + Level 8.0 Short Blades
 + Level 10.3 Long Blades
 + Level 8.0 Axes
 + Level 8.0 Maces & Flails
 + Level 8.0 Polearms
 + Level 8.0 Staves
 + Level 8.0 Slings
 + Level 8.0 Bows
 + Level 8.0 Crossbows
 + Level 8.0 Throwing
 + Level 8.0 Armour
 + Level 8.0 Dodging
 + Level 8.0 Stealth
 + Level 8.0 Shields
 + Level 8.0 Unarmed Combat
 + Level 8.5 Spellcasting
 + Level 6.6 Conjurations
 + Level 6.6 Hexes
 + Level 6.6 Summonings
 + Level 6.6 Necromancy
 + Level 6.6 Translocations
 + Level 6.6 Transmutations
 + Level 8.7 Fire Magic
 + Level 6.6 Ice Magic
 + Level 6.6 Air Magic
 + Level 6.6 Earth Magic
 + Level 6.6 Poison Magic
 + Level 8.7 Invocations
 + Level 8.0 Evocations


You had 27 spell levels left.
You knew the following spells:

 Your Spells              Type           Power      Damage    Failure   Level
a - Scorch                Fire           52%        2d8       8%          2

Your spell library contained the following spells:

 Spells                   Type           Power      Damage    Failure   Level
 Magic Dart               Conj           84%        1d7       12%         1
 Call Imp                 Summ           21%        N/A       19%         2
 Frozen Ramparts          Ice            42%        1d6       36%         3
 Mephitic Cloud           Conj/Pois/Air  21%        N/A       36%         3
 Airstrike                Air            10%        N/A       77%         4
 Ice Form                 Ice/Tmut       21%        N/A       77%         4
 Petrify                  Tmut/Erth      21%        N/A       77%         4
 Summon Ice Beast         Ice/Summ       21%        N/A       77%         4
 Summon Lightning Spire   Summ/Air       21%        N/A       77%         4
 Lightning Bolt           Conj/Air       10%        1d23      98%         5
 Metabolic Englaciation   Hex/Ice        10%        N/A       98%         5
 Statue Form              Tmut/Erth      14%        N/A       100%        6


Dungeon Overview and Level Annotations

Branches:
Dungeon (13/15)            Temple (1/1) D:7            Lair (1/6) D:11
    Orc (1/2) D:10         Bailey (visited)
 Vaults: D:13-14

Altars:
Cheibriados
Elyvilon
Hepliaklqana
Nemelex Xobeh
Okawaru
Qazlal
Ru
Trog
Wu Jian
Xom
Zin
The Shining One

Shops:
D:3 :   D:4 ??   D:12 (

Annotations:
Lair:1 Urug


Innate Abilities, Weirdness & Mutations

You have very sharp teeth.
Your uncanny sense of smell can sniff out nearby items.
Your experience applies equally to all skills.


Message History

The centaur warrior shoots an arrow.
The arrow hits you!
The centaur warrior shoots an arrow.
The arrow hits you.
There is a stone staircase leading up here.
The boulder beetle closely misses you.
You climb upwards.
There is a stone staircase leading down here.
The boulder beetle closely misses you. The boulder beetle barely misses you.
The boulder beetle curls into a ball and begins rolling!
There is a shaft here.
The boulder beetle hits you!!
* * * LOW HITPOINT WARNING * * *
The boulder beetle stops rolling and uncurls.
You hit the boulder beetle.
The boulder beetle is lightly wounded.
You block the boulder beetle's attack.
You hit the boulder beetle but do no damage.
The boulder beetle is lightly wounded.
You block the boulder beetle's attack.
You hit the boulder beetle but do no damage.
The boulder beetle is lightly wounded.
You block the boulder beetle's attack.
You feel much better. You block the boulder beetle's attack.
You sock the boulder beetle!
The boulder beetle is moderately wounded.
The boulder beetle barely misses you.
You bludgeon the boulder beetle!!
The boulder beetle is heavily wounded.
The boulder beetle bites you.
* * * LOW HITPOINT WARNING * * *
Unknown command.
Unknown command.
You block the boulder beetle's attack. The boulder beetle closely misses you.
The boulder beetle curls into a ball and begins rolling!
There is a shaft here.
You bludgeon the boulder beetle!!
The boulder beetle is almost dead.
The boulder beetle hits you!!!
You die...

.#.........#....#.........#......
.#.........#...###'####'###......
.#.........#####.................
.#.........#...#.................
.#.........#...#.................
.#.........#...#.................
.#.........#...#.................
.#.........#...#...>.............
.#.........#...#@................
.#.........#..°B#################
.#.........#.°..# #.......#...#
##.........#...## #.......+...#
.#.........#....# #.......#...#
.'.........'....# #.......#...#
.#.........#<...# #.......#...#
.#.........###+## #....)..#...#
.#..............# #..#.))##..##


You could see a boulder beetle (rolling).

Vanquished Creatures
  A boulder beetle (D:12)
  A hydra (D:11)
  9 two-headed ogres
  An anaconda (D:10)
  An orc high priest (Orc:1)
  2 deep elf pyromancers
  A deep elf zephyrmancer (Orc:1)
  An orc knight (D:10)
  A manticore (D:11)
  A cyclops (D:10)
  A gargoyle (D:12)
  An unseen horror (D:11)
  4 yaktaurs (D:12)
  5 trolls
  A hornet (D:6)
  Prince Ribbit (D:8)
  A raiju (shapeshifter) (D:12)
  3 vampires
  2 wraiths
  5 yaks
  2 wyverns
  8 vampire mosquitoes
  2 steam dragons (D:9)
  3 wargs (D:11)
  2 water moccasins (D:7)
  3 acid dragons
  Duvessa (D:7)
  16 orc warriors
  A black bear (D:8)
  2 sky beasts
  A hornet zombie (D:7)
  An ice beast (D:7)
  A necrophage (D:5)
  17 centaurs
  3 ogres (D:10)
  6 kobold brigands
  A wyvern zombie (D:8)
  3 bullfrogs
  3 gnoll sergeants (D:10)
  2 scorpions (D:5)
  Dowan (D:7)
  A water moccasin skeleton (D:4)
  A wyvern skeleton (D:6)
  4 electric eels (D:7)
  3 centaur zombies
  2 hounds
  6 orc priests
  2 bullfrog skeletons (D:5)
  4 iguanas
  5 orc wizards
  2 killer bee zombies (D:7)
  A howler monkey zombie (D:5)
  11 gnolls
  6 adders
  An ufetubus (D:4)
  2 worms
  5 dart slugs
  42 orcs
  5 endoplasms
  5 giant cockroaches
  6 goblins
  5 hobgoblins
  3 jackals (D:2)
  9 kobolds
  7 quokkas
  5 ball pythons
  5 bats
  2 frilled lizards (D:3)
  3 rats
275 creatures vanquished.

Vanquished Creatures (others)
  19 plants
19 creatures vanquished.

Grand Total: 294 creatures vanquished

Notes
Turn   | Place    | Note
-------+----------+-------------------------------------------
     0 | D:1      | bearlyready the Gnoll Cinder Acolyte began the quest for
                  | the Orb.
     0 | D:1      | Reached XP level 1. HP: 23/23 MP: 4/4
   313 | D:1      | Reached XP level 2. HP: 26/29 MP: 5/5
   655 | D:1      | Reached XP level 3. HP: 35/35 MP: 7/7
  1090 | D:2      | Reached skill level 1 in Invocations
  1174 | D:2      | Found a glowing silver altar of Zin.
  1485 | D:2      | Reached skill level 1 in Short Blades
  1485 | D:2      | Reached skill level 1 in Axes
  1485 | D:2      | Reached skill level 1 in Maces & Flails
  1485 | D:2      | Reached skill level 1 in Polearms
  1485 | D:2      | Reached skill level 1 in Staves
  1485 | D:2      | Reached skill level 1 in Slings
  1485 | D:2      | Reached skill level 1 in Bows
  1485 | D:2      | Reached skill level 1 in Crossbows
  1485 | D:2      | Reached skill level 1 in Throwing
  1485 | D:2      | Reached skill level 1 in Armour
  1485 | D:2      | Reached skill level 1 in Dodging
  1485 | D:2      | Reached skill level 1 in Stealth
  1485 | D:2      | Reached skill level 1 in Shields
  1485 | D:2      | Reached skill level 1 in Unarmed Combat
  1485 | D:2      | Reached skill level 1 in Evocations
  1768 | D:2      | Reached XP level 4. HP: 40/41 MP: 8/8
  2753 | D:3      | Found Zigu's Book Shop.
  3065 | D:4      | Found Riont's Magic Scroll Boutique.
  3077 | D:4      | Reached skill level 1 in Conjurations
  3077 | D:4      | Reached skill level 1 in Hexes
  3077 | D:4      | Reached skill level 1 in Summonings
  3077 | D:4      | Reached skill level 1 in Necromancy
  3077 | D:4      | Reached skill level 1 in Translocations
  3077 | D:4      | Reached skill level 1 in Transmutations
  3077 | D:4      | Reached skill level 1 in Ice Magic
  3077 | D:4      | Reached skill level 1 in Air Magic
  3077 | D:4      | Reached skill level 1 in Earth Magic
  3077 | D:4      | Reached skill level 1 in Poison Magic
  3153 | D:4      | Bought a scroll of enchant weapon for 82 gold pieces
  3153 | D:4      | Bought a scroll of teleportation for 33 gold pieces
  3153 | D:4      | Bought a scroll of identify for 22 gold pieces
  3193 | D:4      | Reached XP level 5. HP: 22/47 MP: 9/9
  3394 | D:5      | Entered Level 5 of the Dungeon
  3710 | D:4      | Learned a level 2 spell: Scorch
  3737 | D:4      | Found Myemnag's Magic Scroll Shoppe.
  3786 | D:4      | Reached XP level 6. HP: 47/53 MP: 10/10
  4714 | D:5      | Reached XP level 7. HP: 42/59 MP: 12/12
  4996 | D:5      | Found a hazy altar of Hepliaklqana.
  5033 | D:5      | Found a sacrificial altar of Ru.
  5664 | D:5      | Identified the +7 chain mail of Rierujeo {rPois Str+4}
  6177 | D:6      | Reached XP level 8. HP: 51/67 MP: 14/14
  6368 | D:6      | Found a sparkling altar of Nemelex Xobeh.
  6463 | D:6      | Found an ornate altar of the Wu Jian Council.
  6715 | D:6      | Noticed a hornet
  6727 | D:6      | Killed a hornet
  6955 | D:7      | Noticed a wyvern
  6960 | D:7      | Killed a wyvern
  7031 | D:7      | Found a staircase to the Ecumenical Temple.
  7084 | D:7      | Reached XP level 9. HP: 52/72 MP: 16/16
  7540 | D:7      | Noticed Duvessa
  7747 | D:7      | Noticed Dowan
  7755 | D:7      | Reached skill level 5 in Spellcasting
  7756 | D:7      | Killed Duvessa
  7762 | D:7      | Killed Dowan
  8918 | Temple   | Entered the Ecumenical Temple
  9148 | D:8      | Reached skill level 5 in Invocations
  9230 | D:8      | Noticed Prince Ribbit
  9245 | D:8      | Killed Prince Ribbit
  9665 | D:8      | Reached XP level 10. HP: 62/80 MP: 18/18
  9792 | D:9      | Noticed a two-headed ogre
 10293 | D:9      | Reached skill level 5 in Short Blades
 10293 | D:9      | Reached skill level 5 in Axes
 10293 | D:9      | Reached skill level 5 in Maces & Flails
 10293 | D:9      | Reached skill level 5 in Polearms
 10293 | D:9      | Reached skill level 5 in Staves
 10293 | D:9      | Reached skill level 5 in Slings
 10293 | D:9      | Reached skill level 5 in Bows
 10293 | D:9      | Reached skill level 5 in Crossbows
 10293 | D:9      | Reached skill level 5 in Throwing
 10293 | D:9      | Reached skill level 5 in Armour
 10293 | D:9      | Reached skill level 5 in Dodging
 10293 | D:9      | Reached skill level 5 in Stealth
 10293 | D:9      | Reached skill level 5 in Shields
 10293 | D:9      | Reached skill level 5 in Unarmed Combat
 10293 | D:9      | Reached skill level 5 in Evocations
 10625 | D:9      | Killed a two-headed ogre
 10987 | D:9      | Found a snail-covered altar of Cheibriados.
 10987 | D:9      | Found a bloodstained altar of Trog.
 11039 | D:10     | Entered Level 10 of the Dungeon
 11123 | D:10     | Found a shimmering altar of Xom.
 11123 | D:10     | Found a stormy altar of Qazlal.
 11128 | D:10     | Found a glowing golden altar of the Shining One.
 11130 | D:10     | Found an iron altar of Okawaru.
 11131 | D:10     | Found a white marble altar of Elyvilon.
 11286 | D:10     | Found a flagged portal.
 11296 | Bailey   | Entered a bailey
 11819 | Bailey   | Reached XP level 11. HP: 82/87 MP: 20/20
 12457 | Bailey   | Reached skill level 5 in Conjurations
 12457 | Bailey   | Reached skill level 5 in Hexes
 12457 | Bailey   | Reached skill level 5 in Summonings
 12457 | Bailey   | Reached skill level 5 in Necromancy
 12457 | Bailey   | Reached skill level 5 in Translocations
 12457 | Bailey   | Reached skill level 5 in Transmutations
 12457 | Bailey   | Reached skill level 5 in Ice Magic
 12457 | Bailey   | Reached skill level 5 in Air Magic
 12457 | Bailey   | Reached skill level 5 in Earth Magic
 12457 | Bailey   | Reached skill level 5 in Poison Magic
 12602 | Bailey   | Identified the +8 mace "Cucveab" {vorpal, rElec rPois rCorr
                  | Int-2}
 12759 | Bailey   | Identified the +4 hunting sling of Untruth {freeze, *Slow
                  | +Blink rElec Dex+4}
 12957 | D:10     | Found a staircase to the Orcish Mines.
 13222 | D:10     | Noticed a two-headed ogre
 13231 | D:10     | Killed a two-headed ogre
 13290 | D:10     | Noticed a two-headed ogre
 13312 | D:10     | Killed a two-headed ogre
 13332 | D:10     | Noticed a cyclops
 13346 | D:10     | Killed a cyclops
 13413 | D:10     | Noticed a two-headed ogre
 13448 | D:10     | Killed a two-headed ogre
 14239 | D:11     | Noticed a four-headed hydra
 14454 | D:11     | Paralysed by a vampire for 7 turns
 14566 | D:11     | Noticed a two-headed ogre
 14580 | D:11     | Killed a two-headed ogre
 14790 | D:11     | Found a staircase to the Lair.
 14864 | D:11     | Reached XP level 12. HP: 96/96 MP: 23/23
 14934 | D:11     | Killed a four-headed hydra
 15456 | D:11     | Noticed a two-headed ogre
 15485 | D:11     | Killed a two-headed ogre
 15732 | D:12     | Noticed a two-headed ogre
 15764 | D:12     | Killed a two-headed ogre
 16017 | D:12     | Found Tipla's Antique Weapon Emporium.
 16573 | D:12     | Noticed a two-headed ogre
 16592 | D:12     | Killed a two-headed ogre
 16637 | D:12     | Acquired the +5 kite shield "Tuethut" {rElec rC+ Str+3}
 16638 | D:12     | Acquired 1105 gold pieces
 16730 | D:12     | Noticed a boulder beetle
 16820 | D:12     | Killed a boulder beetle
 16912 | D:12     | Reached skill level 10 in Fighting
 16912 | D:12     | Reached skill level 10 in Long Blades
 17418 | D:13     | Noticed a vault guard
 17517 | Lair:1   | Entered Level 1 of the Lair of Beasts
 17596 | Lair:1   | Noticed Urug
 17737 | Orc:1    | Entered Level 1 of the Orcish Mines
 18105 | Orc:1    | Noticed a deep elf knight
 18186 | D:10     | Noticed an anaconda
 18186 | D:10     | a deep elf knight changed into an anaconda
 18196 | D:10     | Killed an anaconda
 18197 | D:10     | Reached XP level 13. HP: 24/103 MP: 25/25
 18610 | Orc:1    | Noticed an orc warlord
 18770 | D:12     | HP: 2/103 [boulder beetle (34)]
 18784 | D:12     | Annihilated by a boulder beetle

Illustrated notes

Levels and vault maps discovered:
D:1:      lemuel_arrival_room, layout_loops_ring, minmay_small_reverse_x
D:2:      layout_rooms, basic_altar
D:3:      layout_loops_corners, serial_shops, shop
D:4:      layout_loops_cross, serial_shops, nicolae_shop_crystal, shop
D:5:      layout_basic, nicolae_hepliaklqana_hazy_memory,
          mainiacjoe_overflow_alcove_2
D:6:      layout_loops_ring, chequers_temple_overflow_statue_of_worship,
          wad_woods_river_04
D:7:      layout_loops_ring, minmay_temple_entry_glassed_door, st_stairs_10,
          water_maze_lemuel, uniq_duvessa
D:8:      layout_basic, uniq_prince_ribbit1
D:9:      layout_cave_pools, jmf_multi_god_temple
D:10:     layout_loops_cross, chequers_temple_overflow_minitemple,
          kennysheep_orc_monster_closet_entryway, enter_bailey_2, hex_large,
          hellmonk_guarded_unrand_dark_maul
D:11:     layout_irregular_city, erik_lair_orcish_takeover
D:12:     layout_gridville, serial_shops, nicolae_shop_overgrown_old_shop
D:13:     layout_cave_pools, grunt_vaults_entry_fortified, serial_rivers,
          chequers_serial_rivers_micro_a, chequers_serial_rivers_micro_c,
          chequers_serial_rivers_micro_b, chequers_serial_rivers_room_b,
          chequers_serial_rivers_large_a, chequers_serial_rivers_small_a,
          feat_on_display
Temple:   minmay_temple_curvy_loop
Lair:1:   layout_gridlike, uniq_joseph, uniq_urug
Orc:1:    layout_diamond_mine, elf_legates

Skill      XL: |  1  2  3  4  5  6  7  8  9 10 11 12 13 |
---------------+----------------------------------------+-----
Invocations    | 1 2 3 4 5 6 7 8 |  8.7
Short Blades   | 1 2 3 4 5 6 7 8 |  8.0
Axes           | 1 2 3 4 5 6 7 8 |  8.0
Maces & Flails | 1 2 3 4 5 6 7 8 |  8.0
Polearms       | 1 2 3 4 5 6 7 8 |  8.0
Staves         | 1 2 3 4 5 6 7 8 |  8.0
Slings         | 1 2 3 4 5 6 7 8 |  8.0
Bows           | 1 2 3 4 5 6 7 8 |  8.0
Crossbows      | 1 2 3 4 5 6 7 8 |  8.0
Throwing       | 1 2 3 4 5 6 7 8 |  8.0
Armour         | 1 2 3 4 5 6 7 8 |  8.0
Dodging        | 1 2 3 4 5 6 7 8 |  8.0
Stealth        | 1 2 3 4 5 6 7 8 |  8.0
Shields        | 1 2 3 4 5 6 7 8 |  8.0
Unarmed Combat | 1 2 3 4 5 6 7 8 |  8.0
Evocations     | 1 2 3 4 5 6 7 8 |  8.0
Spellcasting   | 3 4 5 6 7 8 |  8.5
Conjurations   | 1 2 3 4 5 6 |  6.6
Hexes          | 1 2 3 4 5 6 |  6.6
Summonings     | 1 2 3 4 5 6 |  6.6
Necromancy     | 1 2 3 4 5 6 |  6.6
Translocations | 1 2 3 4 5 6 |  6.6
Transmutations | 1 2 3 4 5 6 |  6.6
Ice Magic      | 1 2 3 4 5 6 |  6.6
Air Magic      | 1 2 3 4 5 6 |  6.6
Earth Magic    | 1 2 3 4 5 6 |  6.6
Poison Magic   | 1 2 3 4 5 6 |  6.6
Fighting       | 7 8 9 10 | 10.3
Long Blades    | 7 8 9 10 | 10.3
Fire Magic     | 6 7 8 |  8.7

Action                   |  1- 3 |  4- 6 |  7- 9 | 10-12 | 13-15 || total
-------------------------+-------+-------+-------+-------+-------++-------
Melee: Falchion          |   107 |    14 |       |       |       ||   121
       Bite              |     6 |     7 |    45 |    38 |     1 ||    97
       Punch             |     1 |       |     7 |       |       ||     8
       Flail             |       |   130 |   368 |   109 |       ||   607
       Mace              |       |       |       |   220 |    13 ||   233
 Fire: Hunting sling     |       |       |     5 |   354 |     4 ||   363
Throw: Dart              |       |       |     4 |    45 |    15 ||    64
       Stone             |       |       |     1 |    14 |     1 ||    16
       Javelin           |       |       |       |    14 |       ||    14
       Throwing net      |       |       |       |     2 |       ||     2
 Cast: Scorch            |       |       |       |     9 |       ||     9
Evoke: Wand              |       |       |    14 |    16 |       ||    30
       Phial of floods   |       |       |       |     1 |       ||     1
  Use: Scroll            |       |     2 |     4 |    10 |       ||    16
       Potion            |       |       |     2 |     1 |     1 ||     4
 Stab: Sleeping          |     1 |       |       |       |       ||     1
       Paralysed         |       |       |       |    11 |       ||    11
       Held in net/web   |       |       |       |     1 |       ||     1
Armor: Robe              |    10 |       |       |       |       ||    10
       Leather armour    |    22 |    17 |       |       |       ||    39
       Ring mail         |       |    33 |    32 |       |       ||    65
       Chain mail        |       |       |   236 |   334 |     6 ||   576
Dodge: Dodged            |    49 |    93 |   179 |   199 |    12 ||   532
Block: Buckler           |       |       |       |    21 |       ||    21
       Kite shield       |       |       |       |    86 |    16 ||   102

Table legend: (Time is in decaauts)
 A = Elapsed time spent in this place.
 B = Non-inter-level travel time spent in this place.
 C = Inter-level travel time spent in this place.
 D = Time resting spent in this place.
 E = Time spent auto-exploring this place.
 F = Levels seen in this place.
 G = Mean time per level.
                   A        B        C        D        E       F      G
               +--------+--------+--------+--------+--------+-----+--------+
         Total |  18960 |  18174 |    786 |   2206 |  12223 |  17 | 1115.3 |
       Dungeon |  17051 |  16266 |    785 |   1960 |  11299 |  13 | 1311.6 |
        Temple |      1 |      1 |      0 |      0 |      0 |   1 |    1.0 |
          Lair |    143 |    143 |      0 |      6 |     74 |   1 |  143.0 |
  Orcish Mines |    202 |    202 |      0 |      0 |    100 |   1 |  202.0 |
        Bailey |   1561 |   1561 |      0 |    239 |    749 |   1 | 1561.0 |
               +--------+--------+--------+--------+--------+-----+--------+

Top non-repeatable levels by time:
    D:10: 2393 daAuts
     D:7: 1946 daAuts
    D:11: 1580 daAuts
  Bailey: 1561 daAuts
     D:5: 1546 daAuts
    D:12: 1520 daAuts
     D:4: 1395 daAuts
     D:6: 1245 daAuts
     D:1: 1126 daAuts
     D:8: 1058 daAuts
     D:9: 1037 daAuts
     D:3: 968 daAuts
     D:2: 866 daAuts
    D:13: 367 daAuts
   Orc:1: 202 daAuts
